 Dungeon Crawl Stone Soup version 0.28-a0-1182-g381e24db82 (webtiles) character file.

Game seed: 14250733054050926504

742 GordonOverkill the Chopper (level 7, 0/64 HPs)
             Began as a Minotaur Cinder Acolyte on Dec 17, 2021.
             Was a High Priest of Ignis.
             Slain by a gnoll (6 damage)
             ... on level 5 of the Dungeon.
             The game lasted 00:08:20 (4230 turns).

GordonOverkill the Chopper (MiCA)                   Turns: 4230, Time: 00:08:21

Health: 0/64       AC: 11    Str: 20    XL:     7   Next: 47%
Magic:  7/7        EV:  7    Int: 11    God:    Ignis [*****.]
Gold:   301        SH:  0    Dex: 12    Spells: 8/8 levels left

rFire   + . .      SeeInvis .   g - +1 scythe (venom)
rCold   . . .      Faith    .   (shield currently unavailable)
rNeg    . . .      Spirit   .   e - +0 chain mail
rPois   .          Reflect  .   (helmet restricted)
rElec   .          Harm     .   (no cloak)
rCorr   .          Rampage  .   (no gloves)
Will    .....                   p - +0 pair of boots
Stlth   ..........              (no amulet)
HPRegen 0.20/turn               k - +6 ring of dexterity
MPRegen 0.10/turn               (no ring)

@: lethally poisoned (0 -> -3)
A: horns 2, retaliatory headbutt
a: Renounce Religion, Fiery Armour, Foxfire Swarm, Rising Flame


You were on level 5 of the Dungeon.
You worshipped Ignis.
Ignis was extremely pleased with you.
You visited 1 branch of the dungeon, and saw 5 of its levels.

You collected 301 gold pieces.

Inventory:

Hand Weapons
 a - a -1 hand axe of flaming
 f - a +1 dagger of venom
 g - a +1 scythe of venom (weapon)
 n - a +0 club
 o - a +0 hand axe
Missiles
 v - 2 atropa-tipped darts (quivered)
Armour
 e - a +0 chain mail (worn)
 h - a +3 leather armour of willpower
 m - a +0 kite shield
 p - a +0 pair of boots (worn)
Jewellery
 k - a +6 ring of dexterity (left hand)
 t - a ring of poison resistance
Wands
 c - a wand of paralysis (10)
 q - a wand of charming (11)
 s - a wand of digging (6)
Scrolls
 i - a scroll of teleportation
 r - a scroll of blinking {unknown}
 u - a scroll of holy word {unknown}
Potions
 b - a potion of lignification
 d - a potion of mutation
 j - a potion of curing


   Skills:
 + Level 6.7 Fighting
 + Level 6.7 Axes
 - Level 2.0 Throwing
 - Level 5.0 Armour
 - Level 1.0 Spellcasting
 - Level 2.1 Fire Magic


You had 8 spell levels left.
You didn't know any spells.
Your spell library contained the following spells:

 Spells                   Type           Power      Damage    Failure   Level
 Foxfire                  Conj/Fire      8%         2x1d4     88%         1
 Scorch                   Fire           10%        2d6       88%         2
 Conjure Flame            Conj/Fire      2%         6-21      99%         3
 Inner Flame              Hex/Fire       2%         N/A       99%         3
 Ignite Poison            Fire/Tmut/Pois 2%         N/A       100%        3
 Portal Projectile        Hex/Tloc       0%         N/A       100%        3
 Animate Dead             Necr           0%         N/A       100%        4
 Flame Wave               Conj/Fire      2%         2d4       100%        4
 Alistair's Intoxication  Tmut/Pois      0%         N/A       100%        5
 Borgnjor's Vile Clutch   Necr/Erth      0%         N/A       100%        5
 Silence                  Hex/Air        0%         N/A       100%        5
 Yara's Violent Unravell  Hex/Tmut       0%         3d3       100%        5
 Death Channel            Necr           0%         N/A       100%        6
 Eringya's Noxious Bog    Tmut/Pois      0%         N/A       100%        6


Dungeon Overview and Level Annotations

Branches:
Dungeon (5/15)             Temple (0/1) D:4

Altars:


Innate Abilities, Weirdness & Mutations

You have a pair of horns on your head.
You reflexively headbutt those who attack you in melee.


Message History

You reach to attack!
You barely miss the gnoll. The gnoll closely misses you.
You reach to attack!
You closely miss the gnoll. The gnoll closely misses you.
The gnoll hits you from afar with a +0 halberd!
You reach to attack!
You closely miss the gnoll. The gnoll hits you but does no damage.
The gnoll hits you from afar with a +0 halberd.
You are too injured to fight recklessly!
You are too injured to fight recklessly!
You are too injured to fight recklessly!
You are too injured to fight recklessly!
Okay, then.
The gnoll hits you but does no damage. The gnoll barely misses you.
The gnoll hits you but does no damage.
You hit the gnoll.
The gnoll is heavily wounded.
The gnoll hits you but does no damage. The gnoll hits you with a +0 halberd.
The gnoll hits you from afar with a +2 spear of venom.
You are poisoned.
The gnoll hits you from afar with a +0 spear.
The gnoll hits you with a +0 halberd.
* * * LOW HITPOINT WARNING * * *
The gnoll completely misses you.
You closely miss the gnoll. Your headbutt misses the gnoll.
The gnoll is heavily wounded.
You feel very sick.
The gnoll hits you from afar with a +0 spear!
* * * LOW HITPOINT WARNING * * *
The gnoll hits you with a +0 halberd!
* * * LOW HITPOINT WARNING * * *
The gnoll hits you from afar with a +2 spear of venom.
* * * LOW HITPOINT WARNING * * *
The gnoll hits you from afar with a +0 spear.
* * * LOW HITPOINT WARNING * * *
You barely miss the gnoll. Your headbutt misses the gnoll.
The gnoll is heavily wounded.
You feel sick. The gnoll hits you with a +0 halberd.
* * * LOW HITPOINT WARNING * * *
The gnoll barely misses you. The gnoll hits you but does no damage.
The gnoll hits you with a +0 halberd.
You die...

.# #+#+###.# .### #.......#
..... #.......# .....##
#.......#
.......####.......##
.......+...........# #
.......####........# #.#
#gg@..#).....# ..
#g###.#>.....##.##.#
########Z# #.#.............
#........# #.#.............
#..g.....#...#...#'######..
.# ####.Z..g.......#.#.#†#
$g.#...)....####.#.#<#.#.#
...'........+ ...###.###
.###........# #......


You could see 3 gnolls.

Vanquished Creatures
  Sigmund (D:2)
  Duvessa (D:4)
  An ogre (D:3)
  A scorpion (D:4)
  A water moccasin skeleton (D:3)
  Dowan (D:4)
  A centaur zombie (D:4)
  2 hounds (D:5)
  4 adders
  4 gnolls
  A worm (D:2)
  A dart slug (D:1)
  9 orcs
  6 ball pythons
  2 bats
  7 endoplasms
  3 giant cockroaches
  6 goblins
  6 hobgoblins
  3 quokkas (D:3)
  2 frilled lizards (D:1)
  7 kobolds
  6 rats
76 creatures vanquished.

Vanquished Creatures (others)
  21 foxfires (D:4)
  5 toadstools (D:1)
26 creatures vanquished.

Grand Total: 102 creatures vanquished

Notes
Turn   | Place    | Note
-------+----------+-------------------------------------------
     0 | D:1      | GordonOverkill the Minotaur Cinder Acolyte began the quest
                  | for the Orb.
     0 | D:1      | Reached XP level 1. HP: 19/19 MP: 1/1
     1 | D:1      | Found a faded altar of an unknown god.
   327 | D:1      | Reached skill level 1 in Armour
   327 | D:1      | Reached XP level 2. HP: 27/27 MP: 2/2
   706 | D:1      | Reached XP level 3. HP: 14/33 MP: 3/3
  1350 | D:2      | Noticed Sigmund
  1390 | D:2      | Killed Sigmund
  1391 | D:2      | Reached skill level 5 in Fighting
  1391 | D:2      | Reached skill level 5 in Axes
  1391 | D:2      | Reached XP level 4. HP: 22/42 MP: 4/4
  1391 | D:2      | Reached XP level 5. HP: 25/48 MP: 5/5
  1806 | D:2      | Got the Grimoire of the Venomous Oath
  2093 | D:3      | Reached XP level 6. HP: 28/56 MP: 6/6
  2366 | D:3      | Reached skill level 1 in Throwing
  3152 | D:4      | Found a staircase to the Ecumenical Temple.
  3214 | D:4      | Noticed Dowan
  3226 | D:4      | Killed Dowan
  3227 | D:4      | Reached XP level 7. HP: 55/63 MP: 7/7
  3384 | D:4      | Noticed Duvessa
  3395 | D:4      | Killed Duvessa
  3396 | D:4      | Reached skill level 5 in Armour
  3934 | D:5      | Entered Level 5 of the Dungeon
  4230 | D:5      | Slain by a gnoll

Illustrated notes

Levels and vault maps discovered:
D:1:      ldierk_walled_garden, layout_loops_cross,
          hellmonk_ecumenical_altar_pennies_from_heaven
D:2:      layout_rooms, minmay_domino_2, uniq_sigmund
D:3:      layout_loops_ring, minmay_box_of_dots
D:4:      layout_rooms, minmay_temple_entry_waves,
          minmay_misc_feat_four_crosses, uniq_duvessa
D:5:      lemuel_ratsnest, layout_basic, grunt_gozag_breadcrumbs,
          ebering_ghost_reflecting_pool

Skill      XL: |  1  2  3  4  5  6  7 |
---------------+----------------------+-----
Armour         | 1 3 4 5 |  5.0
Fighting       | 4 5 6 |  6.7
Axes           | 4 5 6 |  6.7
Throwing       | 2 |  2.0
Spellcasting   | |  1.0
Fire Magic     | |  2.1

Action                   |  1- 3 |  4- 6 |  7- 9 || total
-------------------------+-------+-------+-------++-------
Melee: Hand axe          |    62 |       |       ||    62
       Headbutt          |     4 |     9 |     4 ||    17
       Dagger            |     4 |       |       ||     4
       Scythe            |       |   102 |    37 ||   139
Throw: Dart              |       |     2 |     2 ||     4
Invok: Foxfire Swarm     |       |       |     1 ||     1
  Use: Scroll            |       |       |     3 ||     3
       Potion            |       |       |     2 ||     2
Armor: Chain mail        |    32 |    70 |    46 ||   148
Dodge: Dodged            |    20 |    48 |    20 ||    88

Table legend: (Time is in decaauts)
 A = Elapsed time spent in this place.
 B = Non-inter-level travel time spent in this place.
 C = Inter-level travel time spent in this place.
 D = Time resting spent in this place.
 E = Time spent auto-exploring this place.
 F = Levels seen in this place.
 G = Mean time per level.
                   A        B        C        D        E       F      G
               +--------+--------+--------+--------+--------+-----+--------+
         Total |   4353 |   4226 |    127 |   1473 |   1697 |   5 |  870.6 |
       Dungeon |   4353 |   4226 |    127 |   1473 |   1697 |   5 |  870.6 |
               +--------+--------+--------+--------+--------+-----+--------+

Top non-repeatable levels by time:
     D:1: 1321 daAuts
     D:4: 1264 daAuts
     D:3: 898 daAuts
     D:2: 661 daAuts
     D:5: 207 daAuts
